 Dungeon Crawl Stone Soup version 0.25.0-11-g1f837a76a1 (webtiles) character file.

Game seed: 2418331969186781623

348 Ge0ff the Sneak (level 6, 0/28 HPs)
             Began as a Spriggan Enchanter on June 25, 2020.
             Slain by a mummy (13 damage)
             ... in an ossuary.
             The game lasted 00:13:08 (4900 turns).

Ge0ff the Sneak (Spriggan Enchanter)                Turns: 4900, Time: 00:13:08

Health: 0/28       AC:  2    Str:  4    XL:     6   Next: 33%
Magic:  8/12       EV: 18    Int: 19    God:
Gold:   268        SH:  0    Dex: 16    Spells: 3/12 levels left

rFire    . . .     SeeInvis +   a - +1 dagger
rCold    . . .     Gourm    .   (shield restricted)
rNeg     . . .     Faith    .   Y - +0 robe
rPois    .         Spirit   .   (helmet restricted)
rElec    .         Reflect  .   (no cloak)
rCorr    .         Harm     .   (gloves unavailable)
MR       +....                  (boots unavailable)
Stlth    +++.......             U - amulet of regeneration
HPRegen  0.49/turn              (no ring)
MPRegen  0.13/turn              (no ring)

@: confusing touch, very quick
A: very small, unfitting armour, see invisible, herbivore, speed 3, slow
metabolism 2
a: no special abilities


You were in an ossuary.
You were very hungry.

You visited 1 branch of the dungeon, and saw 4 of its levels.
You also visited: Ossuary.

You collected 268 gold pieces.

Inventory:

Hand Weapons
 a - a +1 dagger (weapon)
 b - a +0 short sword
Missiles
 W - 44 poisoned darts (quivered)
Armour
 Q - a +0 buckler
 Y - a +0 robe (worn)
Jewellery
 u - an uncursed amulet of the acrobat
 U - an amulet of regeneration (around neck)
Scrolls
 i - a scroll of identify
 t - a scroll of enchant armour {unknown}
 x - a scroll of fog {unknown}
 y - a scroll of noise {unknown}
 B - a scroll of enchant weapon
 P - a scroll of magic mapping {unknown}
 T - 3 scrolls of teleportation
Potions
 v - 2 potions of mutation {unknown}
 w - 2 potions of heal wounds {unknown}
 A - 3 potions of haste {unknown}
 R - a potion of might {unknown}
 S - a potion of brilliance {unknown}
 V - 2 potions of berserk rage {unknown}
 X - a potion of flight
 Z - a potion of curing {unknown}
Comestibles
 r - 7 rations


   Skills:
 * Level 3.6 Short Blades
 - Level 3.0 Dodging
 + Level 5.6 Stealth
 + Level 3.8 Spellcasting
 * Level 5.4 Hexes
 + Level 2.1 Ice Magic


You had 3 spell levels left.
You knew the following spells:

 Your Spells              Type           Power        Failure   Level  Hunger
a - Corona                Hex            ###....      1%          1    None
d - Tukima's Dance        Hex            ###.....     4%          3    ###....
k - Ensorcelled Hibernat  Hex/Ice        ###...       4%          2    ##.....
t - Confusing Touch       Hex            ###.....     4%          3    ###....

Your spell library contained the following spells:

 Spells                   Type           Power        Failure   Level  Hunger
 Dazzling Flash           Conj/Hex       ##....       14%         3    ###....


Dungeon Overview and Level Annotations

Branches:
Dungeon (4/15)            Ossuary (1/1)
 Temple: D:4-7

Altars:
Sif Muna
Vehumet
Xom
Zin


Innate Abilities, Weirdness & Mutations

You are very small and have problems with some larger weapons.
You are too small for most types of armour.
You have supernaturally acute eyesight. (SInv)
You are a herbivore.
You cover ground extremely quickly.
You need to consume almost no food.


Message History

You hit the mummy but do no damage. The mummy hits you!!
Ouch! That really hurt!
You hit the mummy but do no damage. You completely miss the mummy.
The mummy closely misses you.
You hit the mummy but do no damage. You hit the mummy but do no damage.
The mummy hits you!
* * * LOW HITPOINT WARNING * * *
You see here a poisoned dart.
W - 44 poisoned darts (gained 1)
Your hands stop glowing.
Fire/throw which item? (* to show all) (? for menu, Esc to quit)
Okay, then.
Casting: Confusing Touch (quite dangerous; 4% risk of failure)
Confirm with . or Enter, or press ? or * to list all spells.
The spell is quite dangerous to cast (4% risk of failure)!
Continue anyway?
Your hands begin to glow red.
You are too injured to fight recklessly!
You hit the mummy but do no damage. You hit the mummy but do no damage.
The mummy hits you!
You die...

################
##..............##
##......####M.....##
#......##..##@.....#
#.....##....##.....#
#......M..(........#
##................##
##..(...........##
#+##........##+#
##......## ##....##
#....#


You could see a mummy.

Vanquished Creatures
  An orc priest (D:2)
  Jessica (D:3)
  A hound skeleton (D:4)
  6 mummies (Ossuary)
  8 adders
  An ooze (D:1)
  3 worms
  4 dart slugs
  3 leopard geckos
  16 orcs
  4 giant cockroaches (D:3)
  2 gnoll zombies (Ossuary)
  13 goblins
  10 hobgoblins
  3 jackals (D:2)
  A quokka (D:2)
  A ball python (D:3)
  5 bats
  4 frilled lizards
  5 kobolds
  4 kobold zombies (Ossuary)
  2 orc zombies (Ossuary)
  7 rats
105 creatures vanquished.

Notes
Turn   | Place    | Note
-------+----------+-------------------------------------------
     0 | D:1      | Ge0ff the Spriggan Enchanter began the quest for the Orb.
     0 | D:1      | Reached XP level 1. HP: 9/9 MP: 5/5
   454 | D:1      | Reached XP level 2. HP: 13/13 MP: 6/6
   458 | D:1      | Learned a level 2 spell: Ensorcelled Hibernation
   938 | D:1      | Reached XP level 3. HP: 6/16 MP: 5/8
  1391 | D:2      | Reached skill level 1 in Ice Magic
  1413 | D:2      | Reached XP level 4. HP: 21/21 MP: 6/9
  1784 | D:2      | Reached skill level 5 in Stealth
  2008 | D:2      | Found a glowing silver altar of Zin.
  2077 | D:2      | Found a shimmering blue altar of Sif Muna.
  2624 | D:2      | Found a radiant altar of Vehumet.
  2890 | D:3      | Reached XP level 5. HP: 24/24 MP: 8/11
  2994 | D:3      | Learned a level 3 spell: Confusing Touch
  2998 | D:3      | Learned a level 3 spell: Tukima's Dance
  4008 | D:3      | Noticed Jessica
  4013 | D:3      | Killed Jessica
  4013 | D:3      | Reached skill level 5 in Hexes
  4371 | D:4      | Found a shimmering altar of Xom.
  4376 | D:4      | Found a sand-covered staircase.
  4412 | D:4      | Reached XP level 6. HP: 28/28 MP: 4/12
  4461 | Ossuary  | Entered an ossuary
  4900 | Ossuary  | Slain by a mummy

Illustrated notes

Levels and vault maps discovered:
D:1:      minmay_arrival_diagonal_passages, layout_loops_ring
D:2:      cheibrodos_pilgrimage, layout_rooms, old_standard_altar, led_sif_pool,
          zin_statuary, serial_bayou_pond_c, minmay_misc_feat_encased,
          kennysheep_big_empty_room
D:3:      layout_basic, first_ration, uniq_jessica
D:4:      layout_rooms, lemuel_crystal_altar, nicolae_ossuary_entry_monument,
          tgw_fedhas
Ossuary:  ossuary_tomb_3

Skill      XL: |  1  2  3  4  5 |
---------------+----------------+-----
Hexes          | 4 5 |  5.4
Spellcasting   | 3 |  3.8
Short Blades   | 2 3 |  3.6
Ice Magic      | 1 2 |  2.1
Stealth        | 5 |  5.6
Dodging        | |  3.0

Action                   |  1- 3 |  4- 6 || total
-------------------------+-------+-------++-------
Melee: Dagger            |    47 |   214 ||   261
       Short sword       |       |    23 ||    23
Throw: Dart              |       |     7 ||     7
 Cast: Ensorcelled Hiber |    13 |    78 ||    91
       Corona            |       |     1 ||     1
       Confusing Touch   |       |    13 ||    13
  Use: Scroll            |     2 |     3 ||     5
 Stab: Sleeping          |    16 |    62 ||    78
       Confused          |       |    13 ||    13
  Eat: Ration            |       |     3 ||     3
Armor: Robe              |     5 |    12 ||    17
Dodge: Dodged            |    17 |   137 ||   154

Levels and vault maps discovered:
D:1:      minmay_arrival_diagonal_passages, layout_loops_ring
D:2:      cheibrodos_pilgrimage, layout_rooms, old_standard_altar, led_sif_pool,
          zin_statuary, serial_bayou_pond_c, minmay_misc_feat_encased,
          kennysheep_big_empty_room
D:3:      layout_basic, first_ration, uniq_jessica
D:4:      layout_rooms, lemuel_crystal_altar, nicolae_ossuary_entry_monument,
          tgw_fedhas
Ossuary:  ossuary_tomb_3
